Unix NetHack Version 5.0.0-0 post-release - last build May  4 2026 22:22:43 (774f63e81ad911689b3a0859ea89b322d5daca8d,branch:main).

Game began 2026-05-05 05:35:15, ended 2026-05-05 08:09:58.

01246791210, lawful female dwarven Valkyrie

               ------                                   --------------
               |....|                                ###.............|
               |..<.-#####                           #  |............|
               |....|    ##     ---------            #  |............|
               |.....#    ##    |.......|          ##`  --.-----------
               ---|--      #### |.......|          #      #
                  #           # |.......-#"#   #####      #
                  #           ##........|  #######        #
  ##              #             |.......|###     #        ##
   @              ###           ---------        #       # #
   d                ######                       ##   -----.----------
 --.--                   #                        ##  |..............|
 |...|                   #                         ###...............|
 |....     ----+---------.-                           |..............|
 |...|     |..............|                           ----------------
 |....###  |..............|
 -----  ###...............|
           ----------------

01246791210 the Skirmisher  St:16 Dx:13 Co:20 In:8 Wi:9 Ch:9  Lawful
Dlvl:3  $:34 HP:0(36) Pw:5(5) AC:6  Xp:3 T:1702  Hungry  

Latest messages:
 This door is locked.
 In what direction? 2
 Whammm!!
 In what direction? 2
 Whammm!!
 In what direction? 2
 Whammm!!
 You feel slightly confused.
 In what direction? 2
 Whammm!!
 In what direction? 2
 As you kick the door, it crashes open!
 The newt misses!
 You can't seem to think straight.
 The newt bites!
 You feel incredibly sick.
 You kill the newt!
 You are about to vomit.
 You vomit!
 You feel a bit steadier now.
 You feel less confused now.
 You can move again.
 There is a broken door here.
 You see here a newt corpse.
 There is a broken door here.
 You see here a newt corpse.
 f - a newt corpse.
 The little dog bites!
 The little dog bites!
 You hit the little dog!
 The little dog bites!
 The little dog misses!
 You miss the little dog.
 The little dog bites!
 The little dog bites!
 You miss the little dog.
 The little dog bites!
 The little dog bites!
 The little dog bites!
 You are beginning to feel hungry.
 The little dog bites!
 The little dog bites!
 The little dog bites!
 The little dog bites!
 You die...
 Do you want your possessions identified? [ynq] (y) n
 Do you want to see your attributes? [ynq] (y) n
 Do you want an account of creatures vanquished? [ynaq] (y) n
 Do you want to see your conduct and achievements? [ynq] (y) n
 Do you want to see the dungeon overview? [ynq] (y) n

Inventory:
 Coins    ('$')
  $ - 34 gold pieces
 Weapons  (')')
  b - a +0 dagger (alternate weapon; not wielded)
  a - a +1 dwarvish spear (weapon in right hand)
  k - 2 +0 orcish daggers
  p - a +0 orcish short sword
 Armor    ('[')
  l - a blessed +0 orcish helm
  m - an uncursed +1 orcish helm
  c - an uncursed +3 small shield (being worn)
 Comestibles  ('%')
  s - an uncursed lembas wafer
  j - 2 uncursed lichen corpses
  f - an uncursed newt corpse
 Scrolls  ('?')
  e - a blessed scroll of identify
 Potions  ('!')
  t - an uncursed potion of restore ability
  i - an uncursed potion of water
 Gems/Stones  ('*')
  r - an uncursed worthless piece of blue glass
  o - an uncursed worthless piece of red glass
  n - an uncursed worthless piece of violet glass
 Boulders/Statues  ('`')
  g - an empty uncursed statue of a kobold zombie

01246791210 the Valkyrie's attributes:

Background:
 You were a Skirmisher, a level 3 dwarven Valkyrie.
 You were lawful, nominally on a mission for Tyr
 who was opposed by Odin (neutral) and Loki (chaotic).
 You were right-handed.
 You were in the Dungeons of Doom, on level 3.
 You entered the dungeon 1702 turns ago.
 You had 56 experience points, 24 more were needed to attain level 4.

Basics:
 You had 0 out of 36 hit points.
 You had all 5 energy points (spell power).
 Your armor class was 6.
 Your wallet contained 34 zorkmids.
 Autopickup was off.

Final Characteristics:
 Your strength was 16 (limit:18/100).
 Your dexterity was 13 (limit:20).
 Your constitution was 20 (limit:20).
 Your intelligence was 8 (limit:16).
 Your wisdom was 9 (limit:16).
 Your charisma was 9 (limit:16).

Final Status:
 You were hungry.
 You were unencumbered.
 You were wielding a spear.
 You had basic skill with spear.

Final Attributes:
 You were devoutly aligned.
 You were cold resistant.
 You had infravision.
 You were stealthy.
 You are dead.

Miscellaneous:
 You didn't encounter any bones levels.
 Total elapsed playing time was 1 hour, 9 minutes and 54 seconds.

Major events:
 Turn
    1: 01246791210 the lawful dwarven Valkyrie entered the dungeon
  776: attained the rank of Skirmisher (level 3)
 1702: killed by a little dog

You didn't know any spells.

Skills:
 Fighting Skills
   bare handed combat [Unskilled]
   two weapon combat  [Unskilled]
   riding             [Unskilled]
 Weapon Skills
   dagger             [Basic]
   axe                [Unskilled]
   pick-axe           [Unskilled]
   short sword        [Unskilled]
   broadsword         [Unskilled]
   long sword         [Unskilled]
   two-handed sword   [Unskilled]
   saber              [Unskilled]
   hammer             [Unskilled]
   quarterstaff       [Unskilled]
   polearms           [Unskilled]
   spear              [Basic]
   trident            [Unskilled]
   lance              [Unskilled]
   sling              [Unskilled]
 Spellcasting Skills
   attack spells      [Unskilled]
   escape spells      [Unskilled]

Voluntary challenges:
 Character rerolling was not enabled.
 You were an atheist.
 You were illiterate.
 You never genocided any monsters.
 You never polymorphed an object.
 You never changed form.
 You used no wishes.
Achievements:
 You entered a shop.
 You attained the rank of Skirmisher.

 The Dungeons of Doom: levels 1 to 3
    Level 1:
       A fountain.
    Level 2:
       A general store, a fountain.
    Level 3: <- You were here.
       Final resting place for
          you, killed by a little dog.


Vanquished creatures:
  a dwarf zombie
 an acid blob
  a giant rat
  a cave spider
  a gecko
  a jackal
  a fox
  a kobold
  2 goblins
  5 grid bugs
  5 lichens
  a kobold zombie
  5 newts
26 creatures vanquished.

No species were genocided or became extinct.

Game over:
                       ----------
                      /          \
                     /    REST    \
                    /      IN      \
                   /     PEACE      \
                  /                  \
                  |   01246791210    |
                  |      34 Au       |
                  |   killed by a    |
                  |    little dog    |
                  |                  |
                  |                  |
                  |       2026       |
                 *|     *  *  *      | *
        _________)/\\_//(\/(/\)/\//\/|_)_______

Farvel 01246791210 the Valkyrie...

You died in The Dungeons of Doom on dungeon level 3 with 355 points,
and 34 pieces of gold, after 1702 moves.
You were level 3 with a maximum of 36 hit points when you died.

